 Dungeon Crawl Stone Soup version 0.21-a0-531-gacddea6 (webtiles) character file.

725 KeeTraxx the Gusty (level 7, -5/57 HPs)
             Began as a Demigod Air Elementalist on Dec 12, 2017.
             Slain by a gnoll
             ... wielding a +0 halberd
              (9 damage)
             ... on level 5 of the Dungeon.
             The game lasted 00:17:08 (4996 turns).

KeeTraxx the Gusty (Demigod Air Elementalist)       Turns: 4996, Time: 00:17:08

Health: -5/57      AC:  7    Str: 15    XL:     7   Next: 19%
Magic:  6/15       EV: 12    Int: 19    God:
Gold:   192        SH:  0    Dex: 16    Spells: 2/12 levels left

rFire    . . .     SeeInvis .   a - +0 dagger (drain)
rCold    . . .     Gourm    .   (no shield)
rNeg     . . .     Faith    .   q - +2 animal skin
rPois    .         Spirit   .   r - +1 helmet
rElec    .         Reflect  .   f - +0 cloak
rCorr    .         Harm     .   (no gloves)
MR       .....                  (no boots)
Stlth    ++........             j - amulet of magic regeneration
HPRegen  0.19/turn              (no ring)
MPRegen  0.39/turn              (no ring)

@: no status effects
A: high mp 1
a: no special abilities


You were on level 5 of the Dungeon.
You were not hungry.

You visited 1 branch of the dungeon, and saw 5 of its levels.
You also visited: Sewer.

You collected 192 gold pieces.

Inventory:

Hand Weapons
 a - a +0 dagger of draining (weapon)
 b - a +0 hunting sling
 e - a cursed -3 dagger
 w - a +0 blowgun
Missiles
 i - 171 stones (quivered)
 v - 18 sling bullets
 D - 34 poisoned needles
Armour
 f - a +0 cloak (worn)
 g - a +0 robe
 n - a +0 leather armour
 q - a +2 animal skin (worn)
 r - a +1 helmet (worn)
 u - a +3 chain mail of positive energy
 B - a +0 chain mail
Jewellery
 j - an amulet of magic regeneration (around neck)
 y - an uncursed ring of protection from magic {unknown}
 I - an uncursed ring of resist corrosion {unknown}
Wands
 x - a wand of digging (16)
 H - a wand of paralysis (16)
Scrolls
 o - a scroll of magic mapping {unknown}
 s - 2 scrolls of fog
 F - 3 scrolls of enchant weapon {unknown}
Potions
 k - a potion of brilliance {unknown}
 l - 3 potions of flight
 m - 10 potions of curing
 p - 2 potions of might {unknown}
 t - 5 potions of heal wounds {unknown}
 z - a potion of mutation {unknown}
 C - 2 potions of agility
Books
 h - a book of Air

   Spells                             Type                      Level
   a - Shock                          Conjuration/Air              1
   b - Swiftness                      Charms/Air                   2
   c - Static Discharge               Conjuration/Air              3
   d - Airstrike                      Air                          4
   e - Lightning Bolt                 Conjuration/Air              5
Comestibles
 c - 4 bread rations
 d - 2 fruits
 A - a royal jelly
 E - 3 chunks of flesh
 G - a meat ration


   Skills:
 + Level 3.4 Fighting
 - Level 1.7 Dodging
 - Level 1.7 Stealth
 + Level 3.4 Spellcasting
 * Level 4.1 Conjurations
 + Level 4.5 Air Magic


You had 2 spell levels left.
You knew the following spells:

 Your Spells              Type           Power        Failure   Level  Hunger
a - Shock                 Conj/Air       ###.         2%          1    None
b - Static Discharge      Conj/Air       ###.....     7%          3    ###....
c - Airstrike             Air            ###.......   22%         4    ####...
d - Swiftness             Chrm/Air       ##......     9%          2    ##.....


Dungeon Overview and Level Annotations

Branches:
Dungeon (5/15)
 Temple: D:4-7


Innate Abilities, Weirdness & Mutations

You have an increased reservoir of magic. (+10% MP)


Message History

The gnoll is struck by lightning.
The gnoll is heavily wounded.
The lightning grounds out.
The hound is struck by lightning.
The hound is lightly wounded.
The lightning arcs!
The gnoll is struck by lightning.
The gnoll is almost dead.
The lightning grounds out.
The gnoll hits you from afar with a halberd!
The hound barely misses you.
The gnoll hits you from afar with a halberd!
* * * LOW HITPOINT WARNING * * *
The gnoll hits you but does no damage.
An orc comes into view. It is wielding a short sword.
Unknown command.
The hound bites you.
* * * LOW HITPOINT WARNING * * *
The gnoll hits you from afar with a halberd!
* * * LOW HITPOINT WARNING * * *
The gnoll hits you from afar with a halberd!
You die...

###
#...#####+####
#.............
#..Wgg@.......
#...g.h.......
#.............
#...##....####
#.Z. #....#
.... .....+
... .....# ...
..o..#


You could see a phantom, a hound, 3 gnolls, an orc (wandering) and a howler
monkey skeleton.

Vanquished Creatures
  Edmund (D:4)
  A bullfrog (D:3)
  A big kobold (Sewer)
  A hound (D:4)
  Crazy Yiuf (D:3)
  Natasha (thrice) (D:3)
  Terence (D:2)
  An orc wizard (D:4)
  A worker ant (D:4)
  Robin (D:2)
  2 gnolls
  10 adders
  3 oozes
  3 worms
  A dart slug (D:2)
  3 leopard geckos
  9 orcs
  4 ball pythons
  3 giant cockroaches
  16 hobgoblins
  9 jackals
  A quokka (D:3)
  14 bats
  8 frilled lizards
  16 goblins
  A jackal skeleton (D:4)
  16 kobolds
  3 rats
  A plant (Sewer)
135 creatures vanquished.

Notes
Turn   | Place    | Note
-------+----------+-------------------------------------------
     0 | D:1      | KeeTraxx the Demigod Air Elementalist began the quest for the Orb.
     0 | D:1      | Reached XP level 1. HP: 14/14 MP: 5/5
    32 | D:1      | Reached skill level 1 in Conjurations
   254 | D:1      | Reached XP level 2. HP: 14/22 MP: 7/7
  1038 | D:2      | Noticed Terence
  1121 | D:2      | Reached XP level 3. HP: 22/27 MP: 5/8
  1126 | D:2      | Learned a level 3 spell: Static Discharge
  1369 | D:2      | Reached skill level 1 in Fighting
  1393 | D:2      | Found an ancient bone altar of Kikubaaqudgha.
  1394 | D:2      | Found a blossoming altar of Fedhas.
  1513 | D:2      | Noticed Robin
  1581 | D:2      | Killed Robin
  1581 | D:2      | Reached XP level 4. HP: 30/35 MP: 1/10
  2039 | D:2      | Killed Terence
  2117 | D:2      | Found an iron altar of Okawaru.
  2655 | D:3      | Noticed Natasha
  2665 | D:3      | Killed Natasha
  2665 | D:3      | Reached XP level 5. HP: 26/41 MP: 3/11
  2805 | D:3      | Noticed Natasha
  2811 | D:3      | Killed Natasha
  2880 | D:3      | Noticed Natasha
  2886 | D:3      | Killed Natasha
  2892 | D:3      | Learned a level 4 spell: Airstrike
  3123 | D:3      | Reached XP level 6. HP: 50/50 MP: 9/13
  3242 | D:3      | Found a basalt altar of Yredelemnul.
  3590 | D:3      | Found a runed door.
  3595 | D:3      | Learned a level 2 spell: Swiftness
  3598 | D:3      | Noticed Crazy Yiuf
  3615 | D:3      | Killed Crazy Yiuf
  3846 | D:4      | Found a glowing drain.
  3913 | Sewer    | Entered a sewer
  4842 | D:4      | Reached XP level 7. HP: 54/57 MP: 7/15
  4890 | D:4      | Noticed Edmund
  4910 | D:4      | Killed Edmund
  4990 | D:5      | Entered Level 5 of the Dungeon
  4996 | D:5      | Slain by a gnoll

Vault maps used:
D:1:      dpeg_arrival_orchard
D:2:      grunt_temple_overflow_growth_and_decay, lemuel_crystal_altar,
          serial_glass, glass_columns_a, glass_columns_a, glass_columns_c,
          glass_columns_a, glass_columns_a, glass_columns_a, glass_columns_a,
          glass_columns_a, hex_intersection, uniq_robin, uniq_terence
D:3:      kb_forest_paths, lemuel_doored_altar, uniq_crazy_yiuf_cottage,
          uniq_natasha
D:4:      gup_sewer_entry_glass, first_bread, uniq_edmund
D:5:      cheibrodos_quashed, old_standard_altar, temple_fountains, uniq_pikel,
          uniq_sigmund
Sewer:    kennysheep_pipe_town

Skill      XL: |  1  2  3  4  5  6  7 |
---------------+----------------------+-----
Conjurations   | 1 2 3 4 |  4.1
Air Magic      | 3 4 |  4.5
Spellcasting   | 2 3 |  3.4
Fighting       | 1 2 3 |  3.4
Dodging        | |  1.7
Stealth        | |  1.7

Action                   |  1- 3 |  4- 6 |  7- 9 || total
-------------------------+-------+-------+-------++-------
Melee: Dagger            |    11 |   157 |     9 ||   177
 Fire: Hunting sling     |    29 |   152 |       ||   181
Throw: Stone             |       |     1 |       ||     1
 Cast: Shock             |    52 |    28 |     4 ||    84
       Static Discharge  |     2 |    56 |     8 ||    66
       Swiftness         |       |     1 |       ||     1
  Use: Scroll            |       |     5 |       ||     5
       Potion            |       |     1 |       ||     1
  Eat: Chunk             |     3 |    16 |     1 ||    20
Armor: Leather armour    |     2 |     1 |       ||     3
       Animal skin       |       |    49 |     5 ||    54
Dodge: Dodged            |    19 |   119 |     7 ||   145

Table legend:
 A = Spawn XP
 B = Non-spawn XP
 C = Spawn XP percentage of total XP
 D = Spawn monster count
 E = Non-spawn monster count
 F = Spawn count percentage of total count
 G = Total turns spent on level
                    A         B        C        D         E        F      G
               +---------+---------+-------+---------+---------+-------+---------
         Total |       0 |    1036 |   0.0 |       0 |     134 |   0.0 |  4996
               +---------+---------+-------+---------+---------+-------+---------
           D:1 |       0 |      40 |   0.0 |       0 |      17 |   0.0 |  1100
           D:2 |       0 |     156 |   0.0 |       0 |      38 |   0.0 |  1293
           D:3 |       0 |     312 |   0.0 |       0 |      30 |   0.0 |  1275
           D:4 |       0 |     372 |   0.0 |       0 |      24 |   0.0 |   612
           D:5 |       0 |      14 |   0.0 |       0 |       1 |   0.0 |     6
         Sewer |       0 |     142 |   0.0 |       0 |      24 |   0.0 |   710
               +---------+---------+-------+---------+---------+-------+---------
